 Dungeon Crawl Stone Soup version 0.31.0-32-g396128a36d (webtiles) character file.

Game seed: 2479561333588894030

1824 TacoSundae the Destroyer (level 9, -1/38 (45) HPs)
             Began as a Tengu Conjurer on Apr 4, 2024.
             Was a Follower of Sif Muna.
             Slain by Maurice
             ... wielding the +9 rapier of the Eternal Void {drain, rF+ rCorr Str+3}
              (2 damage)
             ... on level 7 of the Dungeon.
             The game lasted 00:23:57 (7271 turns).

TacoSundae the Destroyer (Tengu Conjurer)           Turns: 7271, Time: 00:23:58

HP:   -1/38 (45)    AC:  3    Str:  7    XL:     9   Next: 11%
MP:   12/18         EV: 16    Int: 22    God:    Sif Muna [*.....]
Gold: 0             SH:  0    Dex: 17    Spells: 12/19 levels left

rFire   . . .        (no weapon)
rCold   . . .        (no shield)
rNeg    . . .        a - +1 robe
rPois   +            (helmet restricted)
rElec   .            (no cloak)
rCorr   .            (no gloves)
SInv    .            (boots unavailable)
Will    +....        (no amulet)
Stlth   ++           k - +4 ring of slaying
HPRegen 0.26/turn    t - ring "Ufut" {rPois Will+ Dex+3}
MPRegen 0.16/turn

%: acrobat
@: channelling, flying, studying Ranged Weapons, heavily drained
A: beak, talons 3, evasive flight, acrobatic, wild magic 1
a: Renounce Religion, Channel Magic


You were on level 7 of the Dungeon.
You worshipped Sif Muna.
Sif Muna was aware of your devotion.
You visited 2 branches of the dungeon, and saw 8 of its levels.

Inventory:

Armour
 a - a +1 robe (worn)
Magical Staves
 g - a staff of death
Jewellery
 k - a +4 ring of slaying (left hand)
 t - the ring "Ufut" (right hand) {rPois Will+ Dex+3}
   (You acquired it on level 6 of the Dungeon)

   [ring of poison resistance]

   Dex+3:     It affects your dexterity (+3).
   rPois:     It protects you from poison Will+: It increases your willpower.
Wands
 u - a wand of charming (14)
Scrolls
 j - 3 scrolls of teleportation
 p - a scroll of vulnerability
 q - a scroll of poison
 r - a scroll of fear
 s - a scroll of summoning
Potions
 b - 2 potions of magic
 d - 7 potions of curing
 e - a potion of heal wounds
 f - a potion of attraction
 h - a potion of might
 i - a potion of lignification {unknown}
 l - 3 potions of haste {unknown}
 m - a potion of ambrosia {unknown}
 n - a potion of brilliance {unknown}
 o - a potion of cancellation {unknown}


   Skills:
 - Level 2.1 Dodging
 - Level 2.0 Stealth
 + Level 5.8 Spellcasting
 * Level 11.7 Conjurations
 + Level 2.8 Alchemy
 + Level 3.6 Invocations


You had 12 spell levels left.
You knew the following spells:

 Your Spells              Type           Power      Damage    Failure   Level
a - Magic Dart            Conj           100%       1d8       1%          1
b - Searing Ray           Conj           100%       2d8       1%          2
c - Fulminant Prism       Conj/Alch      25%        3d14      8%          4

Your spell library contained the following spells:

 Spells                   Type           Power      Damage    Failure   Level
 Iskenderun's Mystic Bla  Conj/Tloc      42%        2d10      13%         4
 Cigotuvi's Dreadful Rot  Necr/Alch/Air  26%        N/A       14%         2
 Volatile Blastmotes      Fire/Tloc      16%        2d11      36%         3
 Dispel Undead            Necr           8%         3d8       75%         4
 Martyr's Knell           Necr/Summ      8%         N/A       75%         4
 Passage of Golubria      Tloc           8%         N/A       75%         4
 Vhi's Electric Charge    Tloc/Air       16%        N/A       75%         4
 Death Channel            Necr           4%         N/A       100%        6


Dungeon Overview and Level Annotations

Branches:
Dungeon (7/15)             Temple (1/1) D:4

Altars:
Ashenzari
Dithmenos
Elyvilon
Fedhas
Gozag
Hepliaklqana
Kikubaaqudgha
Makhleb
Nemelex Xobeh
Okawaru
Qazlal
Ru
Sif Muna
Trog
Uskayaw
Vehumet
Wu Jian
Xom
Yredelemnul
Zin
Jiyva

Annotations:
D:6 1 runed translucent door, Crazy Yiuf
D:7 Maurice


Innate Abilities, Weirdness & Mutations

You have a beak for a mouth.
You have claws for feet.
Your magical flight helps you evade attacks. (EV +4)
You can magically evade attacks while moving or waiting.
Your spells are a little harder to cast, but a little more powerful.


Message History

Something misses you. Something completely misses you.
You hear some strange, mumbled words.
Something hits you!
Something steals the +6 trident "Wohoju" {heavy, rF+ rC+++ rN+ Int-2}!
You feel drained. Something bites you.
* * * LOW HITPOINT WARNING * * *
You feel your power leaking away. Something drains your magic.
Something closely misses you. Something completely misses you.
You feel much better. Something hits you!
Something groans, "What are you, a monk?"
You feel drained. Something bites you.
* * * LOW HITPOINT WARNING * * *
You feel your power leaking away. Something drains your magic.
Unknown command.
You hear a zap.
A puff of flame appears from out of thin air!
The puff of flame misses you.
You hear a zap.
A puff of flame appears from out of thin air!
The puff of flame misses you.
Okay, then.
Unknown command.
Okay, then.
Unknown command.
Okay, then.
Unknown command.
Something completely misses you. Something misses you.
Casting: Searing Ray (safe; 1% risk of failure)
Confirm with . or Enter, or press ? or * to list all spells.
Aiming: Searing Ray (safe; 1% risk of failure)
Press: ? - help, Shift-Dir - straight line The searing ray hits something! (Press . to maintain the ray.)
Something hits you!
* * * LOW HITPOINT WARNING * * *
Something groans, "What are you, a monk?"
You feel drained.
You die...

### #.. .# ### #.# #.# #..
#.# #.# #.# ##.######.# #.#
.# .......##.# #@# .#
~~.###.##.### #.# .#
≈~.###......#
#.##############.#
≈~..........#
#.#....<..........
~~..........#
##........#####..#.
~#####[###..###)..÷####.#
##...< ~# #.# #.........#
#.####...#. ##
.........##....# #..........
#
##.####..####..#########...#.


There were no monsters in sight!

Vanquished Creatures
  Maggie (D:7)
  A troll (D:6)
  A steam dragon (D:7)
  A water moccasin (D:6)
  An ice beast (D:5)
  An ogre (D:6)
  A gnoll sergeant (D:5)
  A bullfrog (D:6)
  2 scorpions
  4 hounds (D:5)
  3 jellies
  A sleepcap (D:5)
  Terence (D:2)
  Natasha (thrice) (D:2)
  An orc wizard (D:5)
  Robin (D:4)
  5 gnolls
  13 adders
  2 shadow imps
  2 white imps (D:5)
  2 ufetubi (D:5)
  3 ribbon worms
  2 dart slugs
  8 orcs
  4 bats
  12 endoplasms
  4 giant cockroaches
  11 hobgoblins
  10 jackals
  2 quokkas
  2 ball pythons
  3 frilled lizards
  9 goblins
  5 kobolds
  10 rats
  A spectral kobold (D:1)
134 creatures vanquished.

Notes
Turn   | Place    | Note
-------+----------+-------------------------------------------
     0 | D:1      | TacoSundae the Tengu Conjurer began the quest for the Orb.
     0 | D:1      | Reached XP level 1. HP: 10/10 MP: 4/4
   157 | D:1      | Reached XP level 2. HP: 15/15 MP: 3/6
   219 | D:1      | Learned a level 2 spell: Searing Ray
   332 | D:1      | Reached skill level 6 in Conjurations
   422 | D:1      | Reached XP level 3. HP: 19/19 MP: 3/7
   888 | D:1      | Found a faded altar of an unknown god.
  1099 | D:2      | Noticed Terence
  1103 | D:2      | Killed Terence
  1104 | D:2      | Reached XP level 4. HP: 24/24 MP: 3/9
  1239 | D:2      | Noticed Natasha
  1243 | D:2      | Killed Natasha
  1244 | D:2      | Reached skill level 7 in Conjurations
  1373 | D:2      | Noticed Natasha
  1378 | D:2      | Killed Natasha
  1462 | D:2      | Reached XP level 5. HP: 28/28 MP: 8/10
  1468 | D:2      | Noticed Natasha
  1474 | D:2      | Killed Natasha
  3257 | D:4      | Reached skill level 8 in Conjurations
  3381 | D:4      | Reached XP level 6. HP: 28/32 MP: 5/12
  3534 | D:4      | Identified the +6 trident "Wohoju" {heavy, rF+ rC+++ rN+
                  | Int-2}
  3690 | D:4      | Found a blossoming altar of Fedhas.
  3696 | D:4      | Found an iron altar of Okawaru.
  3699 | D:4      | Found a shimmering blue altar of Sif Muna.
  3699 | D:4      | Found a hazy altar of Hepliaklqana.
  3700 | D:4      | Found a shadowy altar of Dithmenos.
  3702 | D:4      | Found a stormy altar of Qazlal.
  3704 | D:4      | Found a shimmering altar of Xom.
  3705 | D:4      | Found a bloodstained altar of Trog.
  3713 | D:4      | Became a worshipper of Sif Muna the Loreminder
  3878 | D:4      | Found a glowing silver altar of Zin.
  4024 | D:4      | Gained mutation: Your spells are a little harder to cast,
                  | but a little more powerful. [potion of mutation]
  4053 | D:4      | Found a staircase to the Ecumenical Temple.
  4062 | Temple   | Entered the Ecumenical Temple
  4119 | D:4      | Noticed Robin
  4122 | D:4      | Reached * piety under Sif Muna
  4146 | D:4      | Killed Robin
  4506 | D:5      | Entered Level 5 of the Dungeon
  4674 | D:5      | Reached skill level 9 in Conjurations
  4674 | D:5      | Gained mutation: Your magical flight helps you evade
                  | attacks. (EV +4) [Tengu growth]
  4674 | D:5      | Reached XP level 7. HP: 36/36 MP: 5/14
  4776 | D:5      | Found a burning altar of Makhleb.
  5016 | D:5      | Reached skill level 1 in Invocations
  5551 | D:5      | Learned a level 4 spell: Fulminant Prism
  5634 | D:5      | Reached skill level 10 in Conjurations
  5637 | D:5      | Reached XP level 8. HP: 21/41 MP: 5/16
  5649 | D:5      | Reached skill level 5 in Spellcasting
  5947 | D:6      | Reached skill level 1 in Alchemy
  5952 | D:6      | Got the Secrets of Postmortem Coordinates
  6009 | D:6      | Found a broken altar of Ashenzari.
  6400 | D:6      | Reached ** piety under Sif Muna
  6521 | D:6      | Noticed a troll
  6529 | D:6      | Killed a troll
  6530 | D:6      | Reached skill level 11 in Conjurations
  6578 | D:6      | Identified a scroll of acquirement
  6578 | D:6      | Acquired the ring "Ufut" {rPois Will+ Dex+3}
  6720 | D:6      | Found a runed translucent door.
  6721 | D:6      | Noticed Crazy Yiuf
  6901 | D:7      | Noticed Maurice
  6907 | D:7      | Identified the +9 rapier of the Eternal Void {drain, rF+
                  | rCorr Str+3}
  7027 | D:7      | Noticed Maggie
  7041 | D:7      | Killed Maggie
  7042 | D:7      | Reached XP level 9. HP: 22/45 MP: 2/18
  7258 | D:7      | Something stole 344 gold
  7262 | D:7      | Something stole the +6 trident "Wohoju" {heavy, rF+ rC+++
                  | rN+ Int-2}
  7271 | D:7      | HP: 1/40 [something (12)]
  7271 | D:7      | Slain by Maurice

Illustrated notes

Levels and vault maps discovered:
D:1:      kennysheep_arrival_forest, layout_rooms,
          dreamdust_ecumenical_altar_drowned_temple
D:2:      layout_loops_cross, uniq_natasha, uniq_terence
D:3:      layout_loops_corners, serial_co_window_serial,
          co_window_of_opportunity_a, co_window_paths_a, co_window_cross_1,
          co_window_paths_a, co_window_paths_a, co_window_paths_c,
          co_window_corner_b, co_window_paths_c, co_window_broadway_c,
          co_window_of_opportunity_b, glass_columns_c
D:4:      layout_basic, minitemple, mainiacjoe_overflow_surrounded_room,
          minmay_temple_entry_statues, minmay_manual_moon, uniq_robin
D:5:      layout_cave_pods, mainiacjoe_overflow_small_starburst
D:6:      layout_loops_cross, ashenzari_conservatory_becter,
          uniq_crazy_yiuf_cottage
D:7:      wander_river, layout_loops_ring, uniq_maurice, uniq_prince_ribbit1,
          uniq_maggie
Temple:   pf_slimified_temple

Skill      XL: |  1  2  3  4  5  6  7  8 |
---------------+-------------------------+-----
Conjurations   | 6 7 8 9 10 11 | 11.7
Spellcasting   | 3 4 5 |  5.8
Invocations    | 2 3 |  3.6
Alchemy        | 2 |  2.8
Dodging        | |  2.1
Stealth        | |  2.0

Action                     |  1- 3 |  4- 6 |  7- 9 || total
---------------------------+-------+-------+-------++-------
  Melee: Trident           |       |       |     4 ||     4
   Cast: Magic Dart        |    47 |   109 |    65 ||   221
         Searing Ray       |     2 |    16 |    23 ||    41
 Invoke: Channel Magic     |       |       |     1 ||     1
    Use: Scroll            |       |    13 |     5 ||    18
         Potion            |       |     1 |     1 ||     2
 Armour: Robe              |     1 |    17 |    23 ||    41
  Dodge: Dodged            |       |    25 |    50 ||    75
